 Dungeon Crawl Stone Soup version 0.14-a0-1739-g6c2808e (webtiles) character file.

798 quick the Ducker (level 7, -4/52 HPs)
             Began as a Merfolk Skald on Jan 3, 2014.
             Was an Initiate of the Shining One.
             Slain by a centaur (7 damage)
             ... on Level 6 of the Dungeon.
             The game lasted 00:40:51 (6372 turns).

quick the Ducker (Merfolk Skald)                    Turns: 6372, Time: 00:40:52

HP  -4/52        AC  4     Str 15      XL: 7   Next: 47%
MP   6/15        EV 13     Int 11      God: the Shining One [......]
Gold 172         SH  0     Dex 13      Spells:  3 memorised,  7 levels left

rFire  . . .     SeeInvis .     a - +1 spear
rCold  + . .     Clarity  .     b - +0 leather armour
rNeg   . . .     Conserve .     (no shield)
rPois  .         rCorr    .     (no helmet)
rElec  .         rRot     .     (no cloak)
SustAb . .       Spirit   .     (no gloves)
rMut   .         Warding  .     p - +0 pair of orc boots
Saprov . . .     Stasis   .     (no amulet)
                                (no ring)
                                q - ring of protection from cold

@: very slightly contaminated, slightly resistant to hostile enchantments,
unstealthy
A: change form in water, swift swim
a: Renounce Religion


You were on level 6 of the Dungeon.
You worshipped the Shining One. the Shining One was noncommittal.
You were very hungry.

You visited 1 branch of the dungeon, and saw 6 of its levels.

You collected 172 gold pieces.

Inventory:

Hand weapons
 a - a +1,+1 spear (weapon)
Armour
 b - a +0 leather armour (worn)
 p - a +0 pair of orcish boots (worn)
Comestibles
 d - 2 bread rations
 l - 3 meat rations
Scrolls
 g - a scroll of remove curse
 h - 2 scrolls of enchant weapon II
 k - 2 scrolls of teleportation
 m - a scroll of identify
 n - a scroll of fog
 s - a scroll of enchant weapon I
 t - 2 scrolls of amnesia
 u - 3 scrolls of magic mapping
 y - a scroll of curse jewellery {unknown}
Jewellery
 q - a ring of protection from cold (left hand)
Potions
 e - a potion of speed
 f - a potion of might
 i - a potion of curing
 j - 2 potions of restore abilities
 o - a potion of lignification
 v - a potion of flight
 w - a potion of brilliance
 z - a potion of degeneration {unknown}
Books
 c - a book of Battle

   Spells                             Type                      Level
   *Infusion                          Charms                       1
   *Shroud of Golubria                Charms/Translocation         2
   *Song of Slaying                   Charms                       2
   Spectral Weapon                    Hexes/Charms                 3
   Regeneration                       Charms/Necromancy            3


   Skills:
 + Level 3.4 Fighting
 + Level 4.8 Polearms
 + Level 2.4 Armour
 + Level 5.3 Dodging
 + Level 1.4 Stealth
 + Level 3.3 Spellcasting
 + Level 4.3 Charms
 + Level 0.4 Translocations


You had 7 spell levels left.
You knew the following spells:

 Your Spells              Type           Power        Failure   Level  Hunger
a - Infusion              Chrm           ##....       4%          1    #......
b - Song of Slaying       Chrm           ##......     10%         2    ##.....
c - Shroud of Golubria    Chrm/Tloc      #.........   17%         2    ##.....


Dungeon Overview and Level Annotations

Branches:
Dungeon (6/16)             Temple (0/1) D:4

Altars:
Elyvilon
Xom
the Shining One

Shops:
D:6 *

Annotations:
D:3 Grinder
D:5 Blork the orc
D:6 exclusion: centaur


Message History

You are very lightly contaminated with residual magic.
Nothing appears to happen.
The centaur hits you! The Shining One protects you from harm!
You hit the centaur!
The centaur is almost dead.
The centaur hits you.
* * * LOW HITPOINT WARNING * * *
You barely miss the centaur.
The centaur is almost dead.
You are feeling less magically infused.
The centaur hits you.
* * * LOW HITPOINT WARNING * * *
The centaur completely misses you.
You barely miss the centaur.
The centaur is severely wounded.
The centaur closely misses you.
You barely miss the centaur.
The centaur is severely wounded.
The centaur hits you!
You die...

......c....###...##.##.
.........)(............
........>#.########.###
....g....#..c....##.#######
.. ......#.#####.((.........
.# ###.#.#.# ####.####...
.#####...#.# #.#
.##........########)####.##
.##.......)<....@♣.........#
.##.......#######c##.###.#.
..#.......# #♣∩♣#.#
#.#.......# ##.##.#
#.#.......# #♣# .#
#.#.......# ### .#
#<####.##.# .# #.# #.##.# .
#.# #.# ..


You could see a centaur.

Vanquished Creatures
  2 sky beasts
  A crimson imp (D:6)
  2 hounds (D:4)
  2 orc wizards (D:3)
  2 worker ants (D:4)
  An iguana (D:5)
  A killer bee zombie (D:3)
  3 gnolls (D:4)
  6 adders
  2 worms
  An adder skeleton (D:4)
  4 oozes
  7 orcs
  5 giant cockroaches
  10 hobgoblins
  6 jackals
  9 kobolds
  6 bats
  5 giant geckos
  3 giant newts
  14 goblins
  A hobgoblin skeleton (D:4)
  9 rats
  2 rat skeletons
104 creatures vanquished.

Vanquished Creatures (others)
  A giant newt (D:3)
  A giant spore (D:1)
2 creatures vanquished.

Grand Total: 106 creatures vanquished

Notes
Turn   | Place    | Note
--------------------------------------------------------------
     0 | D:1      | quick, the Merfolk Skald, began the quest for the Orb.
     0 | D:1      | Reached XP level 1. HP: 16/16 MP: 3/3
   412 | D:1      | Reached XP level 2. HP: 22/22 MP: 2/4
   572 | D:1      | Learned a level 2 spell: Song of Slaying
   575 | D:1      | Learned a level 2 spell: Shroud of Golubria
  1084 | D:1      | Reached XP level 3. HP: 27/27 MP: 6/6
  1437 | D:1      | Reached skill level 1 in Armour
  2032 | D:2      | Found a glowing golden altar of the Shining One.
  2039 | D:2      | Became a worshipper of the Shining One
  2336 | D:2      | Reached XP level 4. HP: 25/34 MP: 1/8
  3071 | D:3      | Reached skill level 1 in Stealth
  3148 | D:3      | Reached XP level 5. HP: 39/39 MP: 4/9
  3414 | D:3      | Noticed Grinder
  3472 | D:3      | Reached skill level 4 in Polearms
  3818 | D:3      | Paralysed by Grinder for 6 turns
  4207 | D:3      | Found a shimmering altar of Xom.
  4457 | D:4      | Reached XP level 6. HP: 23/46 MP: 3/11
  4709 | D:4      | Found a staircase to the Ecumenical Temple.
  5318 | D:5      | Entered Level 5 of the Dungeon
  5318 | D:5      | Noticed Blork the orc
  5577 | D:5      | Reached skill level 5 in Dodging
  5577 | D:5      | Reached XP level 7. HP: 19/52 MP: 5/14
  6039 | D:6      | Found Sachaj's Assorted Antiques.
  6052 | D:5      | Found a white marble altar of Elyvilon.
  6087 | D:6      | HP: 2/52 [something (5)]
  6366 | D:6      | HP: 2/52 [centaur (3)]
  6368 | D:6      | The Shining One protects you from harm!
  6372 | D:6      | Slain by a centaur

Action                   |  1- 3 |  4- 6 |  7- 9 || total
-------------------------+-------+-------+-------++-------
Melee: Spear             |   167 |   294 |    68 ||   529
 Cast: Infusion          |     8 |    21 |     4 ||    33
       Shroud of Golubri |       |     3 |     2 ||     5
  Use: Scroll            |    10 |     8 |     1 ||    19
       Potion            |     2 |     5 |     4 ||    11
 Stab: Sleeping          |     2 |       |       ||     2
